 Dungeon Crawl Stone Soup version 0.20.1-1-g8b1a95d (webtiles) character file.

106 wolfsongas the Cudgeler (level 4, -4/44 HPs)
             Began as a Troll Fighter on Aug 3, 2017.
             Was an Initiate of Okawaru.
             Slain by Sigmund
             ... wielding a +0 scythe
              (8 damage)
             ... on level 2 of the Dungeon.
             The game lasted 00:04:19 (1035 turns).

wolfsongas the Cudgeler (Troll Fighter)             Turns: 1035, Time: 00:04:19

Health: -4/44      AC:  5    Str: 28    XL:     4   Next: 55%
Magic:  3/3        EV: 10    Int:  4    God:    Okawaru [......]
Gold:   83         SH:  0    Dex: 10    Spells: 3/3 levels left

rFire    . . .     SeeInvis .   a - +0 flail
rCold    . . .     Gourm    +   (no shield)
rNeg     . . .     Faith    .   e - +0 animal skin
rPois    .         Spirit   .   (helmet restricted)
rElec    .         Reflect  .   (no cloak)
rCorr    .         Harm     .   (gloves unavailable)
MR       .....                  (boots unavailable)
Stlth    +.........             (no amulet)
Regen    0.6/turn               j - +4 ring of strength
MPRegen  0.1/turn               (no ring)

@: confused
A: unfitting armour, claws 3, fast metabolism 3, gourmand, regeneration 1,
shaggy fur 1, tough skin 2
a: Renounce Religion


You were on level 2 of the Dungeon.
You worshipped Okawaru.
Okawaru was noncommittal.
You were not hungry.

You visited 1 branch of the dungeon, and saw 2 of its levels.

You collected 83 gold pieces.

Inventory:

Hand Weapons
 a - a +0 flail (weapon)
Armour
 b - a +0 robe
 c - a +0 shield
 e - a +0 animal skin (worn)
Jewellery
 j - a +4 ring of strength (left claw)
Scrolls
 i - 2 scrolls of teleportation
Potions
 d - a potion of degeneration
Comestibles
 h - a meat ration
 l - a royal jelly


   Skills:
 - Level 2.4 Fighting
 * Level 4.4 Maces & Flails
 - Level 2.4 Dodging
 - Level 2.4 Shields


You had 3 spell levels left.
You didn't know any spells.

Dungeon Overview and Level Annotations

Branches:
Dungeon (2/15)

Altars:
Okawaru
Trog

Annotations:
D:2 Sigmund


Innate Abilities, Weirdness & Mutations

You are too large for most types of armour.
You have claws for hands.
Your metabolism is lightning-fast.
You like to eat raw meat.
Your natural rate of healing is unusually fast.
You are covered in fur. (AC +1)
You have very tough skin. (AC +2)


Message History

You sock the rat!
You kill the rat!
Okawaru accepts your kill. Something hits you but does no damage.
Something hits you!
You closely miss something. You barely miss something.
Something hits you but does no damage.
You completely miss something. Something hits you.
You closely miss something. Something hits you.
You barely miss something. You hit something but do no damage.
You hear some strange, mumbled words.
You are confused.
Something hits you!
You hear some strange, mumbled words.
You are more confused.
Something hits you!
* * * LOW HITPOINT WARNING * * *
You're too confused to move!
Something hits you!
You die...

.....# #......# #.>...#
...............### #.....#
.............#.. ...####
(^..r........ ..... .......
..... ....... ...... ......%
.... ... ....
.......####....?... #...
.......@.#..).... . #...
..........%# ...###.#...
............{### #...##.#...
...............###.#........
.........=.#..........####...
.............................
#..........#...###..######...
#........##...# ##.....##...
#......# #..####..###......


There were no monsters in sight!

Vanquished Creatures
  Natasha (twice) (D:2)
  2 adders (D:2)
  3 dart slugs (D:1)
  A leopard gecko (D:2)
  A bat (D:1)
  A giant cockroach (D:2)
  3 goblins (D:2)
  2 hobgoblins (D:2)
  3 jackals (D:1)
  8 kobolds
  8 rats
34 creatures vanquished.

Notes
Turn   | Place    | Note
-------+----------+-------------------------------------------
     0 | D:1      | wolfsongas the Troll Fighter began the quest for the Orb.
     0 | D:1      | Reached XP level 1. HP: 22/22 MP: 0/0
    29 | D:1      | Reached skill level 2 in Maces & Flails
   121 | D:1      | Reached XP level 2. HP: 29/29 MP: 1/1
   340 | D:1      | Found an iron altar of Okawaru.
   360 | D:1      | Became a worshipper of Warmaster Okawaru
   650 | D:2      | Noticed Natasha
   658 | D:2      | Noticed a crimson imp
   659 | D:2      | Noticed a crimson imp
   659 | D:2      | Killed Natasha
   659 | D:2      | Reached skill level 3 in Maces & Flails
   659 | D:2      | Reached XP level 3. HP: 11/36 MP: 2/2
   692 | D:2      | Noticed Natasha
   696 | D:2      | Killed Natasha
   696 | D:2      | Reached XP level 4. HP: 43/44 MP: 3/3
   702 | D:2      | Reached skill level 4 in Maces & Flails
   768 | D:2      | Noticed Sigmund
   916 | D:2      | Found a bloodstained altar of Trog.
  1035 | D:2      | Slain by Sigmund

Skill      XL: |  1  2  3  4 |
---------------+-------------+-----
Maces & Flails | 2 3 4 |  4.4
Fighting       | |  2.4
Dodging        | |  2.4
Shields        | |  2.4

Action                   |  1- 3 |  4- 6 || total
-------------------------+-------+-------++-------
Melee: Flail             |    53 |    62 ||   115
  Use: Potion            |     1 |     1 ||     2
       Scroll            |       |     5 ||     5
  Eat: Bread ration      |     2 |       ||     2
       Chunk             |       |     1 ||     1
Armor: Robe              |    26 |    21 ||    47
       Animal skin       |       |     3 ||     3
Dodge: Dodged            |    38 |    38 ||    76
